 Dungeon Crawl Stone Soup version 0.30-a0-830-gfe289a77b0 (webtiles) character file.

Game seed: 640261843376647407

320 dialectric the Covert (level 6, -6/40 HPs)
             Began as an Octopode Brigand on Feb 28, 2023.
             Was an Initiate of Jiyva.
             Mangled by a fire elemental (13 damage)
             ... created by the fiery vengeance of Ignis
             ... in an ossuary.
             The game lasted 00:04:30 (3216 turns).

dialectric the Covert (Octopode Brigand)            Turns: 3216, Time: 00:04:31

Health: -6/40      AC:  1    Str: 12    XL:     6   Next: 46%
Magic:  6/6        EV: 13    Int: 13    God:    Jiyva [......]
Gold:   51         SH:  5    Dex: 14    Spells: 5/5 levels left

rFire   . . .      SeeInvis .    a - +2 dagger
rCold   . . .      Faith    .    (no shield)
rNeg    . . .      Spirit   .    (helmet restricted)
rPois   .          Reflect  +    e - amulet of reflection
rElec   .          Harm     .    (no ring)
rCorr   .          Rampage  .    (no ring)
Will    .....                    (no ring)
Stlth   +++++                    (no ring)
HPRegen 0.26/turn                (no ring)
MPRegen 0.10/turn                (no ring)
                                 (no ring)
                                 (no ring)

@: no status effects
A: almost no armour, amphibious, 8 rings, camouflage 1, gelatinous body 1,
(nimble swimmer 1), tentacles
a: Renounce Religion


You were in an ossuary.
You worshipped Jiyva.
Jiyva was noncommittal.
You visited 1 branch of the dungeon, and saw 4 of its levels.
You also visited: Sewer and Ossuary.

You collected 90 gold pieces.
You spent 39 gold pieces at shops.

Inventory:

Hand Weapons
 a - a +2 dagger (weapon)
 f - a +2 whip of flaming
Missiles
 b - 12 poisoned darts (quivered)
 c - 2 curare-tipped darts
Jewellery
 e - an amulet of reflection (around mantle)
 l - an amulet of regeneration
Wands
 o - a wand of roots (3)
Scrolls
 h - a scroll of poison {unknown}
 i - a scroll of blinking {unknown}
 j - a scroll of teleportation
 q - a scroll of fog {unknown}
 r - a scroll of identify {unknown}
 t - a scroll of silence {unknown}
Potions
 d - a potion of might {unknown}
 g - 4 potions of haste
 k - 2 potions of brilliance {unknown}
 m - 3 potions of curing
 n - a potion of degeneration {unknown}
 p - a potion of attraction {unknown}
 s - a potion of mutation {unknown}
 u - a potion of lignification {unknown}
 v - a potion of flight {unknown}


   Skills:
 + Level 2.3 Fighting
 + Level 3.0 Short Blades
 - Level 2.0 Throwing
 + Level 1.5 Dodging
 * Level 9.4 Stealth
 - Level 1.0 Shields


You had 5 spell levels left.
You didn't know any spells.
Your spell library contained the following spells:

 Spells                   Type           Power      Damage    Failure   Level
 Freeze                   Ice            0%         1d3       30%         1
 Frozen Ramparts          Ice            0%         1d1       67%         3
 Hailstorm                Conj/Ice       0%         3d3       67%         3
 Malign Gateway           Summ/Tloc      0%         N/A       100%        7
 Summon Horrible Things   Summ           0%         N/A       100%        8


Dungeon Overview and Level Annotations

Branches:
Dungeon (4/15)              Sewer (visited)         Ossuary (1/1)
 Temple: D:4-7

Altars:
Nemelex Xobeh

Shops:
D:1 !

Annotations:
D:3 2 runed translucent doors, sirJeffrey23's ghost, amateur DsFi


Innate Abilities, Weirdness & Mutations

You cannot wear most types of armour.
You are amphibious.
You can wear up to eight rings at the same time.
Your skin changes colour to match your surroundings (Stealth+).
Your rubbery body absorbs attacks. (AC +1, EV +1)
((You are camouflaged when in or above water. (Stealth+)))
You have tentacles for arms and can constrict up to eight enemies at once.


Message History

You destroy the orc zombie!
You hear a series of splatters.
You hear a distant slurping noise.
You hear a distant slurping noise.
Nemelex Xobeh makes you draw from the deck of Punishment.
You draw a card...
You have drawn Wrath. "These will know how to inflict the punishment due to you!" 2 fire elementals come into view.
The helpless hobgoblin zombie fails to defend itself.
You stick the hobgoblin zombie like a pincushion!!!
You destroy the hobgoblin zombie!
The hobgoblin zombie closely misses you.
You hit the hobgoblin zombie. You grab the hobgoblin zombie.
You squeeze the hobgoblin zombie.
The hobgoblin zombie is heavily damaged.
You constrict the hobgoblin zombie.
You hear a distant slurping noise.
The hobgoblin zombie hits you.
You hit the hobgoblin zombie.
You destroy the hobgoblin zombie!
You hear a distant slurping noise.
The fire elemental hits you. The fire elemental burns you!
The hobgoblin zombie hits you.
You hit the fire elemental but do no damage.
You block the fire elemental's attack. The fire elemental hits you.
The fire elemental burns you!
* * * LOW HITPOINT WARNING * * *
You are too injured to fight recklessly!
You are too injured to fight recklessly!
You are too injured to fight recklessly!
You are too injured to fight recklessly!
You are too injured to fight recklessly!
You are too injured to fight recklessly!
You hear a distant slurping noise.
The hobgoblin zombie is engulfed in blazing flames.
The hobgoblin zombie is destroyed!
The fire elemental misses you. The fire elemental hits you.
* * * LOW HITPOINT WARNING * * *
The fire elemental burns you!
You die...

#..................
#..................
#........8..8......
#..................
#...######^^######.
#...# #..# #. #...#
#^^# #. #...# #..#
#. #.@.# .... #.
#.EE# #. #☼☼.# #.
#.☼○# #. #.°°# #.
#..Z# #. #.J.# #.
#...# #.
#...##############.


You could see 2 fire elementals, an orc zombie (dormant) and a neutral jelly
(wandering) (fellow slime).

Vanquished Creatures
  2 jellies (Sewer)
  An orc priest (D:3)
  Natasha (thrice) (D:2 D:1)
  5 adders
  A river rat (D:3)
  3 worms
  3 orcs (D:3)
  4 bats
  14 endoplasms
  5 giant cockroaches
  A gnoll zombie (D:4)
  6 goblins
  6 hobgoblins
  7 quokkas
  11 ball pythons
  3 frilled lizards
  6 hobgoblin zombies (Ossuary)
  2 kobolds
  6 kobold zombies (Ossuary)
  6 orc zombies (Ossuary)
  3 rats
98 creatures vanquished.

Vanquished Creatures (others)
  2 endoplasms
  A hobgoblin zombie (Ossuary)
  A rat zombie (Ossuary)
4 creatures vanquished.

Grand Total: 102 creatures vanquished

Notes
Turn   | Place    | Note
-------+----------+-------------------------------------------
     0 | D:1      | dialectric the Octopode Brigand began the quest for the
                  | Orb.
     0 | D:1      | Reached XP level 1. HP: 14/14 MP: 1/1
   101 | D:1      | Reached skill level 6 in Stealth
   101 | D:1      | Reached XP level 2. HP: 16/19 MP: 2/2
   366 | D:1      | Found Jioddoe's Distillery.
   652 | D:2      | Reached XP level 3. HP: 21/24 MP: 3/3
  1272 | D:2      | Noticed Natasha
  1279 | D:2      | Killed Natasha
  1280 | D:2      | Reached skill level 7 in Stealth
  1280 | D:2      | Reached skill level 1 in Shields
  1280 | D:2      | Reached XP level 4. HP: 29/29 MP: 4/4
  1324 | D:2      | Noticed Natasha
  1338 | D:1      | Killed Natasha
  1483 | D:1      | Noticed Natasha
  1496 | D:1      | Killed Natasha
  1497 | D:1      | Reached XP level 5. HP: 13/34 MP: 5/5
  1594 | D:1      | Bought a potion of curing for 39 gold pieces
  1673 | D:3      | Found a runed translucent door.
  1674 | D:3      | Noticed sirJeffrey23's ghost (amateur DsFi)
  1755 | D:3      | Found a sparkling altar of Nemelex Xobeh.
  1781 | D:3      | Became a worshipper of Nemelex Xobeh the Trickster
  2098 | D:3      | Reached skill level 8 in Stealth
  2115 | D:3      | Found a glowing drain.
  2120 | Sewer    | Entered a sewer
  2265 | Sewer    | Found a viscous altar of Jiyva.
  2271 | Sewer    | Reached XP level 6. HP: 35/39 MP: 6/6
  2278 | Sewer    | Reached skill level 9 in Stealth
  2405 | Sewer    | Fell from the grace of Nemelex Xobeh
  2405 | Sewer    | Became a worshipper of Jiyva Juvilud the Shapeless
  2890 | D:3      | Found a runed translucent door.
  3133 | D:4      | Found a sand-covered staircase.
  3141 | Ossuary  | Entered an ossuary
  3211 | Ossuary  | Noticed a fire elemental
  3211 | Ossuary  | Noticed a fire elemental
  3216 | Ossuary  | Mangled by a fire elemental

Illustrated notes

Levels and vault maps discovered:
D:1:      ncdulo_lavacross, layout_rooms, serial_shops,
          nicolae_shop_advertising_works [nicolae_subvault_shop_adworks],
          minmay_heptomino_l4
D:2:      layout_basic, uniq_natasha
D:3:      layout_basic, mainiacjoe_overflow_brackets, gup_sewer_entry_spiral,
          ebering_ghost_sewer_f
D:4:      layout_basic, enter_ossuary_3, grunt_ministairs_14
Ossuary:  ossuary_tomb_1

Skill      XL: |  1  2  3  4  5  6 |
---------------+-------------------+-----
Stealth        | 6 7 8 9 |  9.4
Shields        | 1 |  1.0
Short Blades   | 3 |  3.0
Fighting       | |  2.3
Throwing       | |  2.0
Dodging        | |  1.5

Action                     |  1- 3 |  4- 6 || total
---------------------------+-------+-------++-------
  Melee: Dagger            |    67 |   120 ||   187
         Constrict         |    12 |    26 ||    38
         Tentacles         |    10 |    29 ||    39
         Punch             |       |     1 ||     1
  Throw: Dart              |       |    11 ||    11
    Use: Scroll            |       |     1 ||     1
   Stab: Sleeping          |    10 |    31 ||    41
         Distracted        |     1 |       ||     1
 Armour: Skin              |     3 |     2 ||     5
  Dodge: Dodged            |    37 |    44 ||    81
  Block: Other             |     6 |    15 ||    21

Table legend: (Time is in decaauts)
 A = Elapsed time spent in this place.
 B = Non-inter-level travel time spent in this place.
 C = Inter-level travel time spent in this place.
 D = Time resting spent in this place.
 E = Time spent auto-exploring this place.
 F = Levels seen in this place.
 G = Mean time per level.
                   A        B        C        D        E       F      G
               +--------+--------+--------+--------+--------+-----+--------+
         Total |   3202 |   2903 |    299 |      0 |   2057 |   6 |  533.7 |
       Dungeon |   2835 |   2536 |    299 |      0 |   1890 |   4 |  708.8 |
         Sewer |    295 |    295 |      0 |      0 |    160 |   1 |  295.0 |
       Ossuary |     71 |     71 |      0 |      0 |      7 |   1 |   71.0 |
               +--------+--------+--------+--------+--------+-----+--------+

Top non-repeatable levels by time:
     D:3: 1168 daAuts
     D:2: 843 daAuts
     D:1: 784 daAuts
   Sewer: 295 daAuts
 Ossuary: 71 daAuts
     D:4: 38 daAuts
